 Dungeon Crawl Stone Soup version 0.31-a0-662-g684573625c (webtiles) character file.

Game seed: 17265458294184254797

18 freelancePsychic the Conjurer (level 2, 0/24 HPs)
             Began as a Minotaur Conjurer on Sept 1, 2023.
             Succumbed to an adder's poison
             ... on level 3 of the Dungeon.
             The game lasted 00:00:40 (625 turns).

freelancePsychic the Conjurer (Minotaur Conjurer)    Turns: 625, Time: 00:00:41

Health: 0/24       AC:  2    Str: 11    XL:     2   Next: 48%
Magic:  3/3        EV: 12    Int: 15    God:
Gold:   56         SH:  0    Dex:  8    Spells: 2/3 levels left

rFire   . . .        f - +0 hand axe
rCold   . . .        (no shield)
rNeg    . . .        a - +0 robe
rPois   .            (helmet restricted)
rElec   .            (no cloak)
rCorr   .            (no gloves)
SInv    .            (no boots)
Will    .....        (no amulet)
Stlth   +            (no ring)
HPRegen 0.24/turn    (no ring)
MPRegen 0.08/turn

%: no passive effects
@: mighty, lethally poisoned (0 -> -2)
A: horns 2, retaliatory headbutt
a: no special abilities


You were on level 3 of the Dungeon.
You visited 1 branch of the dungeon, and saw 3 of its levels.

You collected 56 gold pieces.

Inventory:

Hand Weapons
 f - a +0 hand axe (weapon)
Armour
 a - a +0 robe (worn)
Jewellery
 c - a ring of positive energy
Scrolls
 h - a scroll of identify {unknown}
Potions
 b - a potion of magic
 d - 3 potions of curing {unknown}
 e - a potion of mutation {unknown}
 g - a potion of might


   Skills:
 + Level 2.2 Fighting
 + Level 1.2 Axes
 - Level 2.1 Dodging
 - Level 1.5 Stealth
 - Level 1.3 Spellcasting
 - Level 2.9 Conjurations


You had 2 spell levels left.
You knew the following spells:

 Your Spells              Type           Power      Damage    Failure   Level
a - Magic Dart            Conj           36%        1d4       7%          1

Your spell library contained the following spells:

 Spells                   Type           Power      Damage    Failure   Level
 Searing Ray              Conj           18%        2d5       11%         2
 Dazzling Flash           Conj/Hex       10%        N/A       36%         3
 Fulminant Prism          Conj/Hex       2%         3d5       77%         4
 Iskenderun's Mystic Bla  Conj/Tloc      5%         2d3       77%         4


Dungeon Overview and Level Annotations

Branches:
Dungeon (3/15)

Altars:


Innate Abilities, Weirdness & Mutations

You have a pair of horns on your head.
You reflexively headbutt those who attack you in melee.


Message History

An adder comes into view.
An adder is nearby!
An adder is nearby! 2 gnolls come into view. 2 gnolls come into view.
The gnoll shouts! x4; The adder hisses angrily.
There is a stone staircase leading down here.
You hit the adder.
The adder is moderately wounded.
The adder bites you.
You are poisoned.
The adder poisons you!
You closely miss the adder. Your headbutt misses the adder.
The adder is moderately wounded.
You feel sick. The adder bites you.
You are more poisoned.
The adder poisons you! The gnoll barely misses you.
The adder barely misses you. The gnoll closely misses you.
The gnoll misses you.
You are too injured to fight recklessly!
You are too injured to fight recklessly!
You feel sick.
There is a stone staircase leading down here.
You feel sick. The adder bites you. The gnoll misses you.
The adder closely misses you. You furiously retaliate!
You headbutt the adder. The gnoll closely misses you.
You climb downwards.
You feel sick.
There is a stone staircase leading up here.
You closely miss the adder.
The adder is heavily wounded.
You feel sick. The adder bites you.
* * * LOW HITPOINT WARNING * * *
You barely miss the adder. You headbutt the adder.
The adder is severely wounded.
* * * LOW HITPOINT WARNING * * *
You feel sick. The adder closely misses you. The adder bites you.
* * * LOW HITPOINT WARNING * * *
It was a potion of might.
You feel very mighty all of a sudden.
You die...

###
#@#
#S#
#.#
#.#
#.#
#.#
#.#
...


You could see an adder.

Vanquished Creatures
  A ball python (D:1)
  A bat (D:2)
  2 endoplasms (D:2)
  3 giant cockroaches
  A hobgoblin (D:2)
  2 quokkas
  2 frilled lizards (D:2)
  4 rats
16 creatures vanquished.

Notes
Turn   | Place    | Note
-------+----------+-------------------------------------------
     0 | D:1      | freelancePsychic the Minotaur Conjurer began the quest for
                  | the Orb.
     0 | D:1      | Reached XP level 1. HP: 14/14 MP: 1/1
   127 | D:1      | Reached skill level 1 in Fighting
   269 | D:1      | You fall into a shaft and drop 1 floor!
   308 | D:2      | Reached XP level 2. HP: 24/24 MP: 3/3
   499 | D:2      | Reached skill level 1 in Axes
   624 | D:3      | HP: 1/24 [adder (2)]
   625 | D:3      | Succumbed to an adder's poison

Illustrated notes

Levels and vault maps discovered:
D:1:      onia_arrival_mini_spirals, layout_basic,
          hellmonk_ecumenical_altar_heavens_door
D:2:      layout_basic
D:3:      layout_basic, mainiacjoe_overflow_small_starburst,
          mainiacjoe_overflow_brackets, uniq_sigmund

Skill      XL: |  1  2 |
---------------+-------+-----
Fighting       | 1 2 |  2.2
Axes           | 1 |  1.2
Dodging        | |  2.1
Stealth        | |  1.5
Spellcasting   | |  1.3
Conjurations   | |  2.9

Action                     || total
---------------------------++-------
  Melee: Unarmed           ||    18
         Headbutt          ||     8
         Hand axe          ||    25
    Use: Potion            ||     1
 Armour: Robe              ||    22
  Dodge: Dodged            ||    34

Table legend: (Time is in decaauts)
 A = Elapsed time spent in this place.
 B = Non-inter-level travel time spent in this place.
 C = Inter-level travel time spent in this place.
 D = Time resting spent in this place.
 E = Time spent auto-exploring this place.
 F = Levels seen in this place.
 G = Mean time per level.
                   A        B        C        D        E       F      G
               +--------+--------+--------+--------+--------+-----+--------+
         Total |    630 |    630 |      0 |      0 |    507 |   3 |  210.0 |
       Dungeon |    630 |    630 |      0 |      0 |    507 |   3 |  210.0 |
               +--------+--------+--------+--------+--------+-----+--------+

Top non-repeatable levels by time:
     D:2: 358 daAuts
     D:1: 268 daAuts
     D:3: 3 daAuts
